 Dungeon Crawl Stone Soup version 0.14-a0-942-gbd853f2 (webtiles) character file.

162522 4tharraofdagon the Destroyer (level 17, -2/121 HPs)
             Began as a Naga Fire Elementalist on Nov 17, 2013.
             Was the Champion of Vehumet.
             Slain by a demonic crawler (9 damage)
             ... on Level 1 of the Spider Nest on Nov 19, 2013.
             The game lasted 03:31:32 (15164 turns).

4tharraofdagon the Destroyer (NaFE)                Turns: 15164, Time: 03:31:33

HP  -2/121       AC 15     Str 12      XL: 17   Next: 46%
MP   4/45        EV  7     Int 19 (20) God: Vehumet [******]
Gold 2217        SH 10     Dex 13      Spells: 11 memorised, 10 levels left

Res.Fire  : + + .   See Invis. : +   G - staff of energy
Res.Cold  : . . .   Warding    : .   D - +0 troll leather armour
Life Prot.: . . .   Conserve   : .   S - +0 elf buckler
Res.Poison: +       Res.Corr.  : .   (no helmet)
Res.Elec. : .       Clarity    : .   m - -1 cloak
Sust.Abil.: . .     Spirit.Shd : .   a - +0 pair of gloves
Res.Mut.  : .       Stasis     : .   V - +3 naga barding of the Saviour {rF+ rC+ Stlth+}
Res.Rott. : .       Flight     : .   z - amulet of the Townfolk {Gourm +Blink +Rage}
Gourmand  : +                        H - ring of fire
                                     J - ring of Joifuss {rPois MP+9 SInv}

@: about to teleport, mildly poisoned, very slow, quite resistant to hostile
enchantments, very stealthy
A: spit poison, constrict 1, see invisible, deformed body, poison resistance,
slowness 2, AC +5
a: Spit Poison, Renounce Religion, Evoke Blink, Evoke Berserk Rage
}: 1/15 runes: decaying


You were on level 1 of the Spider Nest.
You worshipped Vehumet.
Vehumet was exalted by your worship.
You were very full.

You visited 7 branches of the dungeon, and saw 38 of its levels.
You visited the Abyss 1 time.
You visited 1 bazaar.
You also visited: Labyrinth and Bailey.

You collected 4041 gold pieces.
You spent 1824 gold pieces at shops.

Inventory:

Armour
 a - a +0 pair of gloves (worn)
 m - a -1 cloak (worn)
 u - a +0 cloak
 D - a +0 troll leather armour (worn)
 S - a +0 elven buckler (worn)
 V - the +3 naga barding of the Saviour (worn) {rF+ rC+ Stlth+}
   (You found it on level 8 of the Lair of Beasts)

   It protects you from fire.
   It protects you from cold.
   It makes you much more stealthy.
Magical devices
 n - a wand of cold (0)
 E - a wand of fire (8)
 Z - a wand of digging (4)
Comestibles
 c - 5 bread rations
 j - 5 honeycombs
 l - 5 meat rations
 R - a snozzcumber
 X - a royal jelly
Scrolls
 g - 3 scrolls of amnesia
 q - 7 scrolls of remove curse
 t - a scroll of blinking
 v - 2 scrolls of fog
 L - 2 scrolls of recharging {unknown}
 M - a scroll of immolation
Jewellery
 d - the ring of Grupuor {rElec rF- Dam+6}
   (You found it on level 1 of the Elven Halls)

   [ring of slaying]

   It affects your damage-dealing abilities (+6).
   It makes you vulnerable to fire.
   It insulates you from electricity.
 h - a +3 ring of dexterity
 p - an uncursed ring of protection from cold
 s - an uncursed ring of positive energy
 x - an uncursed ring of teleport control
 y - an uncursed amulet of stasis
 z - the amulet of the Townfolk (around neck) {Gourm +Blink +Rage}
   (You bought it in a shop on level 3 of the Orcish Mines)

   [amulet of the gourmand]

   It lets you blink.
   It lets you go berserk.
 A - the macabre finger necklace {Ward}
   (You bought it in a shop on level 3 of the Orcish Mines)

   [amulet of warding]
 C - an uncursed ring of regeneration
 F - an uncursed ring of teleportation
 H - a ring of fire (right hand)
 J - the ring of Joifuss (left hand) {rPois MP+9 SInv}
   (You found it in a bailey)

   [ring of magical power]

   It protects you from poison.
   It enhances your eyesight.
Potions
 e - a potion of speed
 f - 2 potions of curing
 k - a potion of heal wounds
 o - a potion of porridge {unknown}
 w - a potion of agility
 I - a potion of might
Books
 r - a book of Clouds

   Spells                             Type                      Level
   Mephitic Cloud                     Conjuration/Poison/Air       3
   *Conjure Flame                     Conjuration/Fire             3
   Poisonous Cloud                    Conjuration/Poison/Air       6
   *Freezing Cloud                    Conjuration/Ice/Air          6
   Ring of Flames                     Charms/Fire                  7
 P - a book of Control

   Spells                             Type                      Level
   *Control Teleport                  Charms/Translocation         4
   Control Undead                     Necromancy                   4
   Enslavement                        Hexes                        4
   Mass Confusion                     Hexes                        6
   Metabolic Englaciation             Hexes/Ice                    6
 U - a book of Unlife

   Spells                             Type                      Level
   Recall                             Summoning/Translocation      3
   Animate Dead                       Necromancy                   4
   Control Undead                     Necromancy                   4
   Twisted Resurrection               Necromancy                   5
   Death Channel                      Necromancy                   6
   Simulacrum                         Ice/Necromancy               6
 W - a book of Flames

   Spells                             Type                      Level
   Flame Tongue                       Conjuration/Fire             1
   Throw Flame                        Conjuration/Fire             2
   *Conjure Flame                     Conjuration/Fire             3
   Inner Flame                        Hexes/Fire                   3
   *Sticky Flame                      Conjuration/Fire             4
   *Fireball                          Conjuration/Fire             5
Magical staves
 G - an uncursed staff of energy (weapon)
Miscellaneous
 i - a lamp of fire (inert)
 B - a lamp of fire (inert)
 O - a lamp of fire (inert)
 Y - a phial of floods
Rods
 K - a +8 lightning rod (9/9)
   (You found it on level 3 of the Elven Halls)
 T - a +1 rod of warding (9/9)
   (You found it on level 12 of the Dungeon)


   Skills:
 - Level 1.5 Dodging
 - Level 6.4 Stealth
 - Level 3.4 Shields
 + Level 12.9 Spellcasting
 * Level 18.3 Conjurations
 - Level 8.2 Necromancy
 - Level 2.2 Translocations
 * Level 14.2 Fire Magic
 - Level 1.0 Ice Magic
 - Level 8.2 Air Magic
 - Level 5.4 Evocations


You had 10 spell levels left.
You knew the following spells:

 Your Spells              Type           Power        Failure   Level  Hunger
b - Conjure Flame         Conj/Fire      #######.     1%          3    None
c - Sticky Flame          Conj/Fire      #######.     1%          4    None
d - Fireball              Conj/Fire      #######...   1%          5    None
e - Shock                 Conj/Air       ####         1%          1    None
f - Sublimation of Blood  Necr           #####.....   1%          2    None
g - Freezing Cloud        Conj/Ice/Air   ###.......   7%          6    None
h - Control Teleport      Chrm/Tloc      ###.......   38%         4    None
i - Summon Butterflies    Summ           ##......     8%          1    None
j - Delayed Fireball      Conj/Fire      N/A          2%          7    None
k - Swiftness             Chrm/Air       ####......   1%          2    None
l - Apportation           Tloc           ###.......   2%          1    None


Dungeon Overview and Level Annotations

Branches:
Dungeon (16/16)            Temple (1/1) D:5             Orc (4/4) D:9
    Elf (3/3) Orc:3          Lair (8/8) D:11          Swamp (5/5) Lair:5
 Spider (1/5) Lair:5        Slime (0/6) Lair:8       Depths (0/6) D:16

Altars:
Fedhas
Sif Muna
Vehumet
Xom
Zin
the Shining One

Shops:
Orc:3 =   Orc:4 %?*(   Elf:2 }

Annotations:
Elf:1 Rupert
Swamp:5 Saint Roka


Innate Abilities, Weirdness & Mutations

You cannot wear boots.
You can spit poison.
You can use your snake-like lower body to constrict enemies.
Your serpentine skin is tough (AC +5).
You have supernaturally acute eyesight.
Armour fits poorly on your strangely shaped body.
Your system is resistant to poisons.
You cover ground very slowly.


Message History

You feel better. The redback bites you!
You are poisoned.
The redback poisons you! You partially resist. The demonic crawler hits you.
* * * LOW HITPOINT WARNING * * *
The demonic crawler hits you.
* * * LOW HITPOINT WARNING * * *
You block the demonic crawler's attack.
The redback is engulfed in roaring flames.
The redback bites you!
* * * LOW HITPOINT WARNING * * *
The demonic crawler is engulfed in roaring flames.
The demonic crawler hits you.
* * * LOW HITPOINT WARNING * * *
The demonic crawler hits you but does no damage.
The redback bites you but does no damage.
The redback is engulfed in roaring flames.
The redback bites you.
* * * LOW HITPOINT WARNING * * *
The demonic crawler hits you!
You die...

## #.#
#####..##
#...s...####
#.@s.......#
##ss§§#....
#...%.E§....
#...E%)...§§.
#....#§....#§.
#......§....#
.
^....§%......
^.#........ #
..§....


You could see 2 demonic crawlers, 2 redbacks and 2 friendly fire elementals.

Vanquished Creatures
  the Lernaean hydra (Swamp:5)
  Norris (Swamp:5)
  2 deep elf master archers (Elf:3)
  Agnes (Swamp:2)
  8 deep elf sorcerers (Elf:3)
  2 tentacled starspawn (Abyss:1)
  7 deep elf demonologists (Elf:3)
  7 deep elf annihilators (Elf:3)
  5 deep elf death magi
  A minotaur (Lab)
  A vault guard (D:16)
  4 deep elf high priests (Elf:3)
  2 fire dragons
  Fannar (Lair:4)
  15 hydras
  Josephine (D:10)
  4 ogre magi (Orc:4)
  Erica (D:10)
  2 alligators
  A spectral elf (Elf:3)
  2 centaur warriors (D:16)
  A thrashing horror (Abyss:1)
  7 deep elf knights
  Nergalle (D:11)
  A large abomination (Abyss:1)
  2 unseen horrors
  2 hill giants
  A giant amoeba (D:15)
  2 orc knights
  2 lindwurms (Lair:8)
  10 swamp dragons (Swamp:5)
  Pikel (D:9)
  Joseph (D:11)
  2 red wasps
  A hellion (Abyss:1)
  9 deep elf conjurers
  2 wolf spiders (Spider:1)
  A griffon (Lair:4)
  2 cyclopes (D:15)
  A black mamba (shapeshifter) (Elf:2)
  7 spiny worms (Lair:8)
  2 black mambas
  10 spiny frogs
  5 deep elf summoners
  2 orb spiders (Spider:1)
  A fire drake (Lair:4)
  5 jumping spiders
  A yaktaur (D:16)
  A harpy zombie (D:16)
  4 giant fireflies (Lair:8)
  3 komodo dragons
  6 deep elf priests
  7 giant leeches
  Sonja (Orc:3)
  2 trolls
  A queen bee (Lair:7)
  5 slime creatures (Swamp:5)
  15 two-headed ogres
  A boulder beetle (Lair:8)
  6 bog bodies
  A griffon zombie (D:15)
  4 blink frogs (D:13)
  A brown ooze (Lair:8)
  A trapdoor spider (Spider:1)
  2 basilisks
  A redback (Spider:1)
  A shadow (D:16)
  17 deep elf magi
  18 ugly things
  2 chaos spawn (Abyss:1)
  4 sharks (Bazaar)
  32 yaks
  An elephant slug (Lair:8)
  A hungry ghost (D:14)
  Grum (D:10)
  23 deep elf fighters
  14 vampire mosquitoes
  A hippogriff (shapeshifter) (D:14)
  A spiny worm zombie (D:15)
  6 hippogriffs
  4 rock worms (Lair:8)
  3 small abominations (Abyss:1)
  16 wolves
  A raiju (Abyss:1)
  23 swamp worms
  A mottled dragon (D:16)
  A phantom (Swamp:2)
  A soldier ant (D:10)
  7 porcupines
  6 swamp drakes (Swamp:5)
  A necrophage (D:9)
  2 hell hounds (Lair:8)
  15 orc warriors
  An ice beast (D:11)
  4 slaves (D:9)
  A black bear (Lair:5)
  A sky beast (D:13)
  3 giant goldfish
  12 crocodiles
  26 ogres
  12 centaurs
  7 wargs
  Sigmund (D:3)
  A rotting devil (Elf:3)
  A yaktaur zombie (D:15)
  12 giant frogs
  3 brain worms (Lair:8)
  2 giant slugs
  9 water moccasins
  5 agate snails
  11 insubstantial wisps (Swamp:5)
  A big kobold (D:13)
  A yak zombie (D:14)
  5 jellyfish
  A hippogriff zombie (D:11)
  2 electric eels
  A manticore skeleton (D:9)
  A troll skeleton (D:10)
  26 killer bees
  3 wights (D:13)
  A yak skeleton (D:13)
  A hippogriff skeleton (D:12)
  2 crimson imps
  15 hounds
  A centaur skeleton (D:10)
  2 goliath beetles
  3 spiders (Spider:1)
  A giant frog skeleton (D:10)
  A jelly (D:15)
  A two-headed ogre skeleton (D:10)
  16 orc priests
  14 orc wizards
  10 iguanas
  14 sheep
  4 worker ants
  3 big fish
  A crocodile zombie (D:8)
  2 hound zombies
  A boggart (Abyss:1)
  A hound skeleton (D:4)
  2 mummies
  8 adders
  4 gnolls
  20 green rats
  A giant centipede (D:13)
  2 giant mites
  A white imp (Abyss:1)
  2 worker ant simulacra (D:10)
  24 worms
  4 giant geckos
  150 orcs
  2 giant cockroaches (D:3)
  14 hobgoblins
  7 quokkas
  13 bats
  3 giant newts (D:1)
  15 goblins
  24 jackals
  26 kobolds
  A lurking horror (Abyss:1)
  9 rats
  A butterfly (Elf:2)
  4 crawling corpses
  2 fungi
  4 plants (Lair:8)
  3 starspawn tentacles (Abyss:1)
1009 creatures vanquished.

Vanquished Creatures (others)
  A swamp dragon (Swamp:5)
  A jumping spider (Spider:1)
  An ufetubus (Abyss:1)
  62 butterflies
  A fungus (Lair:8)
  4 starspawn tentacles (Abyss:1)
70 creatures vanquished.

Grand Total: 1079 creatures vanquished

Notes
Turn   | Place    | Note
--------------------------------------------------------------
     0 | D:1      | 4tharraofdagon, the Naga Fire Elementalist, began the quest for the Orb.
     0 | D:1      | Reached XP level 1. HP: 15/15 MP: 3/3
    45 | D:1      | Reached XP level 2. HP: 17/22 MP: 1/4
   116 | D:2      | Reached XP level 3. HP: 3/28 MP: 1/6
   121 | D:2      | Learned a level 3 spell: Conjure Flame
   393 | D:2      | Reached XP level 4. HP: 28/36 MP: 3/7
   485 | D:3      | Noticed Sigmund
   590 | D:3      | Reached skill level 4 in Fire Magic
   590 | D:3      | Reached XP level 5. HP: 33/42 MP: 0/9
   622 | D:3      | Learned a level 4 spell: Sticky Flame
   698 | D:3      | Killed Sigmund
   756 | D:3      | Found a glowing golden altar of the Shining One.
   811 | D:4      | Reached XP level 6. HP: 49/49 MP: 11/11
   921 | D:5      | Entered Level 5 of the Dungeon
   921 | D:5      | Found a staircase to the Ecumenical Temple.
   926 | Temple   | Entered the Ecumenical Temple
   930 | Temple   | Became a worshipper of Vehumet
  1244 | D:7      | Reached skill level 5 in Fire Magic
  1300 | D:8      | Reached XP level 7. HP: 13/55 MP: 6/14
  1580 | D:8      | Reached skill level 5 in Conjurations
  1587 | D:8      | Acquired Vehumet's first power
  1587 | D:8      | Offered knowledge of Shock by Vehumet.
  1588 | D:8      | #1
  1714 | D:8      | Noticed a hippogriff
  1718 | D:8      | Killed a hippogriff
  1718 | D:8      | Reached skill level 6 in Fire Magic
  1725 | D:8      | Reached XP level 8. HP: 50/62 MP: 13/17
  1747 | D:8      | Learned a level 5 spell: Fireball
  1749 | D:8      | Learned a level 1 spell: Shock
  1959 | D:9      | Reached skill level 1 in Air Magic
  1982 | D:10     | Entered Level 10 of the Dungeon
  2004 | D:10     | Noticed Erica
  2012 | D:10     | Killed Erica
  2012 | D:10     | Reached skill level 7 in Conjurations
  2012 | D:10     | Reached XP level 9. HP: 51/68 MP: 18/20
  2043 | D:10     | Noticed Josephine
  2164 | D:10     | Noticed Grum
  2173 | D:10     | Killed Grum
  2173 | D:10     | Reached skill level 5 in Spellcasting
  2230 | D:10     | Reached skill level 5 in Air Magic
  2255 | D:10     | Killed Josephine
  2255 | D:10     | Reached skill level 8 in Conjurations
  2301 | D:10     | Offered knowledge of Sandblast by Vehumet.
  2302 | D:10     | #2
  2496 | D:11     | Reached skill level 9 in Conjurations
  2496 | D:11     | Reached XP level 10. HP: 65/75 MP: 22/22
  2598 | D:11     | Learned a level 2 spell: Sublimation of Blood
  2622 | D:11     | Noticed a hill giant
  2631 | D:11     | Killed a hill giant
  2631 | D:11     | Reached skill level 1 in Necromancy
  2740 | D:11     | Found a staircase to the Lair.
  2750 | D:11     | hmm
  2780 | D:11     | Reached skill level 10 in Conjurations
  2818 | D:11     | Learned a level 6 spell: Freezing Cloud
  2898 | Lair:1   | Entered Level 1 of the Lair of Beasts
  2964 | Lair:3   | Reached XP level 11. HP: 79/81 MP: 16/25
  3087 | Lair:4   | Offered knowledge of Searing Ray by Vehumet.
  3087 | Lair:4   | Reached skill level 1 in Evocations
  3088 | Lair:4   | #3
  3158 | Lair:4   | Noticed Fannar
  3168 | Lair:4   | Killed Fannar
  3168 | Lair:4   | Reached skill level 5 in Necromancy
  3257 | Lair:4   | Acquired Vehumet's second power
  3567 | Lair:5   | Found a staircase to the Swamp.
  3672 | Lair:6   | Reached skill level 1 in Ice Magic
  3723 | Lair:7   | Gained mutation: Your spells are a little harder to cast, but a little more powerful. [potion of beneficial mutation]
  3737 | Lair:7   | Noticed a seven-headed hydra
  3745 | Lair:7   | Killed a seven-headed hydra
  3761 | Lair:7   | Found a labyrinth entrance.
  3774 | Lair:7   | Offered knowledge of Dazzling Spray by Vehumet.
  3775 | Lair:7   | #4
  3820 | Lab      | Entered a labyrinth
  4115 | Lab      | WTF :(
  4504 | Lab      | Noticed a minotaur
  4513 | Lab      | Killed a minotaur
  4513 | Lab      | Reached skill level 5 in Evocations
  4523 | Lab      | Got an ichor-stained broad axe
  4590 | Lair:7   | timbw: proper god today
  4602 | Lair:8   | Entered Level 8 of the Lair of Beasts
  4617 | Lair:7   | hurdos: Hello all
  4634 | Lair:8   | Daniel: hi
  4693 | Lair:8   | 4tharraofdagon: hey
  4810 | Lair:8   | timbw: wut
  4835 | Lair:8   | timbw: to sneaky for beatles
  4835 | Lair:8   | timbw: apparantly
  4847 | Lair:8   | Reached XP level 12. HP: 88/88 MP: 23/27
  4848 | Lair:8   | timbw: I dont think I would forget if a naga lit a fire under me
  4871 | Lair:8   | Found a staircase to the Slime Pits.
  4927 | Lair:8   | timbw: can you kill hell hounds?
  4965 | Lair:8   | Acquired Vehumet's third power
  4967 | Lair:8   | 4tharraofdagon: na
  4975 | Lair:8   | timbw: wands will do
  4990 | Lair:8   | 4tharraofdagon: i really have 1wand
  4990 | Lair:8   | 4tharraofdagon: and idk how many charges
  5003 | Lair:8   | timbw: they have rn+++ :<
  5011 | Lair:8   | Offered knowledge of Static Discharge by Vehumet.
  5012 | Lair:8   | #5
  5044 | Lair:8   | timbw: i think 4 is max
  5063 | Lair:8   | Reached skill level 11 in Conjurations
  5070 | Lair:8   | timbw: nice
  5070 | Lair:8   | :o
  5070 | Lair:8   | timbw: shiny
  5077 | Lair:8   | Got a faintly glowing naga barding
  5078 | Lair:8   | Identified the +3 naga barding of the Saviour {rF+ rC+ Stlth+} (You found it on level 8 of the Lair of Beasts)
  5079 | Lair:8   | 4tharraofdagon: o
  5079 | Lair:8   | timbw: acceptable
  5091 | Lair:8   | 4tharraofdagon: not so terrible
  5154 | Lair:8   | timbw: i like that u have regen, sublimation and energy staff already
  5156 | Lair:8   | timbw: that is really nice
  5161 | Lair:8   | timbw: and freeze cloud to
  5167 | Lair:8   | timbw: really not a given with veh these days
  5180 | Lair:8   | timbw: that mut is kind of annoying though
  5267 | Lair:8   | 4tharraofdagon: luminary of the lethal lore
  5267 | Lair:8   | 4tharraofdagon: what do you think about that title
  5354 | Lair:8   | timbw: arcane title
  5380 | Lair:8   | 4tharraofdagon: best title you can get
  5387 | Lair:8   | 4tharraofdagon: suprisingly
  5387 | Lair:8   | 4tharraofdagon: theres no such in top1000
  5387 | Lair:8   | 4tharraofdagon: wtf
  5400 | Lair:8   | timbw: i made top 50!
  5401 | Lair:8   | timbw: with my ho
  5401 | Lair:8   | 4tharraofdagon: w00t
  5401 | Lair:8   | 4tharraofdagon: oh with that hofi?
  5401 | Lair:8   | timbw: ye
  5401 | Lair:8   | timbw: not with veh but i just felt like bragging some
  5401 | Lair:8   | timbw: not enough posetive feedback in this game
  5401 | Lair:8   | 4tharraofdagon: ahah you fuckin edged this game to top50 :D
  5826 | Lair:8   | Offered knowledge of Poison Arrow by Vehumet.
  5835 | Lair:8   | Reached skill level 12 in Conjurations
  5869 | Lair:8   | timbw: so
  5876 | Lair:8   | timbw: dragon time
  5885 | Lair:8   | timbw: naga vs castrate
  5893 | Lair:8   | Noticed a lindwurm
  5894 | Lair:8   | Noticed a lindwurm
  5897 | Lair:8   | Killed a lindwurm
  5943 | Lair:8   | Killed a lindwurm
  6012 | Lair:8   | timbw: just tele if it fails
  6012 | Lair:8   | timbw: man common
  6012 | Lair:8   | timbw: u have rF+
  6012 | Lair:8   | timbw: dont be scared
  6012 | Lair:8   | #6
  6012 | Lair:8   | 4tharraofdagon: f cloud?
  6017 | Lair:8   | timbw: fcloud and close door
  6026 | Lair:8   | timbw: or is that dumb?
  6052 | Lair:8   | Noticed a fire dragon
  6065 | Lair:8   | Killed a fire dragon
  6065 | Lair:8   | Reached XP level 13. HP: 94/94 MP: 29/29
  6201 | Lair:7   | timbw: lol
  6204 | Lair:7   | timbw: good thing that didnt happen vs the draogn
  6209 | Lair:7   | Reached skill level 13 in Conjurations
  6536 | Lair:5   | Found a hole to the Spider Nest.
  6551 | Lair:5   | timbw: spider pretty nice on FE
  6744 | Lair:3   | Noticed a black mamba
  6748 | Lair:3   | Killed a black mamba
  6790 | Lair:3   | Offered knowledge of Force Lance by Vehumet.
  6791 | Lair:3   | #7
  6822 | Lair:1   | Reached skill level 10 in Spellcasting
  6959 | D:10     | 4tharraofdagon: constr,poisoned and sticky flamed what can be worse
  6993 | D:10     | timbw: if its in a trove
  7013 | D:10     | Found a blossoming altar of Fedhas.
  7027 | D:10     | 4tharraofdagon: plz im having nightmares of that trove
  7029 | D:10     | timbw: me to
  7163 | D:9      | Found a staircase to the Orcish Mines.
  7211 | D:9      | 4tharraofdagon: k,im off
  7211 | D:9      | 4tharraofdagon: 2morrows my big day
  7211 | D:9      | 4tharraofdagon: hope ill survive first time in new job
  7211 | D:9      | 4tharraofdagon: n8 guys
  7211 | D:9      | Upgraded the game from 0.14-a0-882-gdff4d47 to 0.14-a0-932-g154aeca
  7212 | Orc:1    | Entered Level 1 of the Orcish Mines
  7303 | Orc:1    | Reached skill level 14 in Conjurations
  7403 | Orc:2    | Found a flagged portal.
  7414 | Bailey   | Entered a bailey
  7456 | Bailey   | Got a heavily runed lapis lazuli ring
  7480 | Bailey   | Found an iron altar of Okawaru.
  7642 | Orc:3    | Noticed Sonja
  7644 | Orc:3    | Killed Sonja
  7722 | Orc:3    | Found Oxeuty's Jewellery Shop.
  7752 | Orc:3    | Bought the amulet of the Townfolk {Gourm +Blink +Rage} for 553 gold pieces
  7752 | Orc:3    | Bought the macabre finger necklace {Ward} for 286 gold pieces
  7752 | Orc:3    | Bought a cursed ring of teleportation for 214 gold pieces
  7752 | Orc:3    | Bought an uncursed ring of fire for 260 gold pieces
  7834 | Orc:3    | Offered knowledge of Lee's Rapid Deconstruction by Vehumet.
  7835 | Orc:3    | #8
  7925 | Orc:4    | Entered Level 4 of the Orcish Mines
  7932 | Orc:4    | omfg
  7961 | Orc:4    | Found Phapuac's Food Shop.
  7964 | Orc:4    | Found Jiedghim's Assorted Antiques.
  7964 | Orc:4    | Found Mautuomm's Weapon Boutique.
  7971 | Orc:4    | Reached XP level 14. HP: 61/102 MP: 32/32
  7991 | Orc:4    | Found Klua's Magic Scroll Shoppe.
  8135 | Orc:4    | Daniel: do you have relec?
  8138 | Orc:4    | 4tharraofdagon: no
  8155 | Orc:4    | Found a flickering gateway to a bazaar.
  8162 | Orc:4    | Daniel: was that weapon expensive?
  8163 | Bazaar   | Entered a bazaar
  8163 | Bazaar   | Found Schequas' General Store.
  8163 | Bazaar   | Found Qadiof's Magical Wand Shop.
  8167 | Bazaar   | 4tharraofdagon: idk
  8167 | Bazaar   | 4tharraofdagon: lets see whats here
  8170 | Bazaar   | Daniel: havent see the price
  8170 | Bazaar   | Daniel: yeah
  8170 | Bazaar   | 4tharraofdagon: oh ye
  8170 | Bazaar   | Daniel: oh nvm
  8172 | Bazaar   | Found Graoh's Antique Weapon Emporium.
  8202 | Bazaar   | Found Klurgh's Magic Scroll Boutique.
  8213 | Bazaar   | Found Twocuiro's Antique Armour Emporium.
  8222 | Bazaar   | Bought a bloodstained robe for 136 gold pieces
  8242 | Bazaar   | Bought a potion of curing for 32 gold pieces
  8242 | Bazaar   | Bought a potion of paralysis for 16 gold pieces
  8242 | Bazaar   | Bought a scroll of identify for 32 gold pieces
  8272 | Bazaar   | Bought a scroll of identify for 28 gold pieces
  8272 | Bazaar   | Bought a scroll of teleportation for 42 gold pieces
  8272 | Bazaar   | Bought a scroll of teleportation for 42 gold pieces
  8272 | Bazaar   | Bought a scroll of identify for 28 gold pieces
  8273 | Bazaar   | Identified the +3 robe of the Guilds {+Inv} (You bought it in a shop in a bazaar)
  8274 | Bazaar   | Identified the ring of Joifuss {rPois MP+9 SInv} (You found it in a bailey)
  8275 | Bazaar   | 4tharraofdagon: eh
  8275 | Bazaar   | 4tharraofdagon: useless ring
  8275 | Bazaar   | Daniel: rpois everywhere
  8275 | Bazaar   | 4tharraofdagon: because naga rpois and sinv race abilities
  8275 | Bazaar   | Daniel: yeah
  8275 | Bazaar   | Daniel: could be good for a DE tho
  8275 | Bazaar   | 4tharraofdagon: why
  8275 | Bazaar   | Daniel: i mean the ring
  8275 | Bazaar   | 4tharraofdagon: half of the screen of description
  8275 | Bazaar   | 4tharraofdagon: perma invisi?
  8275 | Bazaar   | Daniel: dunno why
  8275 | Bazaar   | Daniel: why would be perma?
  8275 | Bazaar   | 4tharraofdagon: no idea
  8275 | Bazaar   | Daniel: it only gives evokable inv
  8300 | Orc:4    | Daniel: something with perma inv would be super op
  8318 | Orc:4    | Bought a scroll of blinking for 71 gold pieces
  8318 | Orc:4    | Bought a scroll of magic mapping for 45 gold pieces
  8318 | Orc:4    | Bought a scroll of remove curse for 39 gold pieces
  8319 | Orc:4    | Daniel: i don't think the devs will implement a thing like that
  8653 | Orc:3    | Found a staircase to the Elven Halls.
  8716 | Orc:3    | Learned a level 4 spell: Control Teleport
  8725 | Elf:1    | Entered Level 1 of the Elven Halls
  8745 | Elf:1    | Got a fine marble ring
  8781 | Elf:1    | Reached skill level 15 in Conjurations
  8853 | Elf:1    | Noticed Rupert
  8854 | Elf:1    | 4tharraofdagon: heh nice axe
  9036 | Elf:2    | hurdos: I found sublimat when passed almost all D :) LOL
  9110 | Elf:2    | 4tharraofdagon: this spell so rare
  9139 | Elf:3    | Entered Level 3 of the Elven Halls
  9333 | Elf:2    | Found Triwkaaj's Gadget Boutique.
  9643 | Elf:3    | 4tharraofdagon: eh
  9643 | Elf:3    | hurdos: what's up?
  9643 | Elf:3    | 4tharraofdagon: i cant kill golems
  9643 | Elf:3    | hurdos: really?
  9643 | Elf:3    | 4tharraofdagon: with what
  9643 | Elf:3    | 4tharraofdagon: i have lead them to e:2
  9643 | Elf:3    | 4tharraofdagon: and use tele ring
  9643 | Elf:3    | 4tharraofdagon: eh
  9643 | Elf:3    | hurdos: I guess fire or ice should kill them
  9643 | Elf:3    | 4tharraofdagon: no
  9643 | Elf:3    | 4tharraofdagon: they are very resistant
  9646 | Elf:3    | 4tharraofdagon: and even immune
  9646 | Elf:3    | 4tharraofdagon: this is worst ending for elementalist
  9646 | Elf:3    | hurdos: but not air
  9646 | Elf:3    | 4tharraofdagon: how do you get air spells
  9646 | Elf:3    | 4tharraofdagon: they dont exist
  9646 | Elf:3    | hurdos: air strike?
  9646 | Elf:3    | 4tharraofdagon: yes you are right!
  9646 | Elf:3    | hurdos: you already have one
  9669 | Elf:2    | 4tharraofdagon: 7more
  9669 | Elf:2    | Daniel: summon ice beast till you escape?
  9669 | Elf:2    | 4tharraofdagon: 77% failure
  9669 | Elf:2    | 4tharraofdagon: dream on
  9669 | Elf:2    | Daniel: hmm
  9669 | Elf:2    | hurdos: it is slow!
  9669 | Elf:2    | Daniel: butterflies?
  9669 | Elf:2    | hurdos: oh, you are too :)
  9669 | Elf:2    | 4tharraofdagon: dude i already checked all possibilities
  9669 | Elf:2    | 4tharraofdagon: just dont depress me providing info in things i dont have
  9669 | Elf:2    | hurdos: Does ut open door?
  9669 | Elf:2    | 4tharraofdagon: ofcourse
  9671 | Elf:2    | hurdos: funny situation :)
  9671 | Elf:2    | 4tharraofdagon: lamp
  9690 | Elf:2    | Identified the ring of Grupuor {rElec rF- Dam+6} (You found it on level 1 of the Elven Halls)
  9736 | Elf:3    | Learned a level 1 spell: Summon Butterflies
  9780 | Elf:3    | hurdos: I think he was not alone :)
  9915 | Elf:3    | Noticed a deep elf sorcerer
  9916 | Elf:3    | Killed a deep elf sorcerer
  9916 | Elf:3    | Reached skill level 10 in Fire Magic
  9917 | Elf:3    | Noticed a deep elf sorcerer
  9922 | Elf:3    | Killed a deep elf sorcerer
  9923 | Elf:3    | Noticed a deep elf master archer
  9925 | Elf:3    | Killed a deep elf master archer
  9925 | Elf:3    | Reached XP level 15. HP: 73/108 MP: 33/33
  9944 | Elf:3    | Reached skill level 16 in Conjurations
 10001 | Elf:2    | 4tharraofdagon: this is not funny
 10016 | Elf:2    | hurdos: maybe for you, but I'm happy :)
 10025 | Elf:3    | 4tharraofdagon: :D
 10056 | Elf:3    | hurdos: you make me happy, DCSS makes me happy :)
 10059 | Elf:3    | Noticed a deep elf sorcerer
 10064 | Elf:3    | Killed a deep elf sorcerer
 10072 | Elf:3    | Offered knowledge of Delayed Fireball by Vehumet.
 10073 | Elf:3    | #9
 10081 | Elf:3    | Learned a level 7 spell: Delayed Fireball
 10132 | Elf:3    | Noticed a deep elf sorcerer
 10132 | Elf:3    | Cast into the Abyss (deep elf sorcerer)
 10173 | Abyss:1  | hurdos: oh, this elf makes me more happy :)
 10177 | Abyss:1  | Noticed a revenant
 10190 | Abyss:1  | 4tharraofdagon: wtf is that
 10190 | Abyss:1  | Daniel: a raiju!
 10190 | Abyss:1  | hurdos: raiju I guess
 10190 | Abyss:1  | Daniel: blinkbolt?
 10192 | Abyss:1  | Daniel: sound dangerous
 10192 | Abyss:1  | Daniel: sounds
 10244 | Abyss:1  | hurdos: lookd like abyss is not the place for walking
 10285 | Abyss:1  | magicpoints: naga abyss = die
 10320 | Abyss:1  | Noticed a tentacled monstrosity
 10341 | Abyss:1  | hurdos: too later
 10394 | Abyss:1  | Noticed a lich
 10396 | Abyss:1  | magicpoints: seriously I give you 9-0% odds of eath excepting lucy conversion
 10402 | Abyss:1  | magicpoints: 90%
 10414 | Abyss:1  | magicpoints: okay fcloud 80% die
 10461 | Abyss:1  | Reached skill level 5 in Stealth
 10499 | Abyss:1  | Found a corrupted altar of Lugonu.
 10538 | Abyss:1  | Noticed a hellephant
 10562 | Abyss:1  | 4tharraofdagon: im not dead yet!
 10608 | Abyss:1  | hurdos: you should not die, I want more fun
 10655 | Abyss:1  | hurdos: get rune
 10656 | Abyss:1  | 4tharraofdagon: dramatic change of strategy
 10656 | Abyss:1  | 4tharraofdagon: helped heh
 10657 | Elf:3    | Escaped the Abyss
 10658 | Elf:3    | hurdos: :D
 10658 | Elf:3    | Killed a deep elf sorcerer
 10709 | Elf:3    | Noticed a deep elf sorcerer
 10711 | Elf:3    | Killed a deep elf sorcerer
 10947 | Elf:2    | hurdos: Did not you still love golems? :)
 11104 | Elf:3    | 4tharraofdagon: you know
 11104 | Elf:3    | 4tharraofdagon: im starting to adore the
 11104 | Elf:3    | 4tharraofdagon: m
 11104 | Elf:3    | 4tharraofdagon: who knows what it will turn out
 11104 | Elf:3    | 4tharraofdagon: maybe 2nd-hand marriage?
 11104 | Elf:3    | 4tharraofdagon: with pope from hell?
 11104 | Elf:3    | 4tharraofdagon: who knows
 11112 | Elf:3    | hurdos: :D
 11202 | Elf:3    | Got an ancient shield
 11208 | Elf:3    | Noticed a deep elf sorcerer
 11209 | Elf:3    | Killed a deep elf sorcerer
 11229 | Elf:3    | Noticed a deep elf sorcerer
 11231 | Elf:3    | Killed a deep elf sorcerer
 11307 | Elf:3    | Noticed a deep elf master archer
 11309 | Elf:3    | Killed a deep elf master archer
 11309 | Elf:3    | Reached XP level 16. HP: 113/115 MP: 28/34
 11385 | Elf:3    | timbw: second axe
 11385 | Elf:3    | Reached skill level 17 in Conjurations
 11399 | Elf:3    | Got a faintly humming robe
 11421 | Elf:3    | Got a heavily runed swamp dragon armour
 11469 | Elf:3    | hurdos: good luck, I'm boring and going to sleep
 11480 | Elf:3    | 4tharraofdagon: :(
 11480 | Elf:3    | 4tharraofdagon: sleep is for weak
 11540 | Elf:3    | Noticed a deep elf sorcerer
 11544 | Elf:3    | Killed a deep elf sorcerer
 11838 | Orc:3    | Identified the +1 robe of the Eternal Fruit {rF+ Dam-5} (You took it off a deep elf demonologist on level 3 of the Elven Halls)
 11848 | Orc:3    | Identified the +0 swamp dragon armour of Levity {rPois rN+ SInv} (You found it on level 3 of the Elven Halls)
 11856 | Orc:3    | Identified the +1 shield of Xeoxin {rN+ Str-1} (You took it off a deep elf demonologist on level 3 of the Elven Halls)
 12280 | D:9      | blah
 12320 | D:9      | Noticed Pikel
 12326 | D:9      | Killed Pikel
 12373 | D:9      | You fall through a shaft!
 12421 | D:12     | Identified a cursed +1 rod of warding (9/9) (You found it on level 12 of the Dungeon)
 12467 | D:12     | Gained mutation: Your tail ends in a poisonous barb. [potion of mutation]
 12467 | D:12     | Gained mutation: You occasionally shout uncontrollably. [potion of mutation]
 12467 | D:12     | Gained mutation: You have a slow metabolism. [potion of mutation]
 12626 | D:13     | Gained mutation: Your mind is acute. (Int +2) [mutagenic meat]
 12709 | D:15     | Entered Level 15 of the Dungeon
 12713 | D:15     | Offered knowledge of Bolt of Draining by Vehumet.
 12714 | D:15     | #10
 12722 | D:15     | timbw: got any runes?
 12731 | D:15     | Reached skill level 1 in Shields
 12762 | D:15     | 4tharraofdagon: no
 12772 | D:15     | 4tharraofdagon: i could do 2lair
 12772 | D:15     | timbw: 3!
 12772 | D:15     | 4tharraofdagon: ye
 12773 | D:16     | Entered Level 16 of the Dungeon
 12784 | D:16     | timbw: i was just thinking of runelock
 12802 | D:16     | Found a gate to the Depths.
 12833 | D:16     | 4tharraofdagon: is there a shaft here
 12833 | D:16     | timbw: doubt it
 12833 | D:16     | 4tharraofdagon: *guaranteed shaft
 12833 | D:16     | timbw: probably cant bring u to depths
 12833 | D:16     | Daniel: was
 12833 | D:16     | timbw: there is a shaft to get around runelock??
 12833 | D:16     | Daniel: but not anymore
 12833 | D:16     | 4tharraofdagon: WTF
 12833 | D:16     | 4tharraofdagon: so its basically
 12833 | D:16     | 4tharraofdagon: not possible to do 1 attempt in lair without de
 12833 | D:16     | 4tharraofdagon: idk where to get exp
 12833 | D:16     | Daniel: yeah exactly
 12833 | D:16     | timbw: runelock dumb
 12833 | D:16     | 4tharraofdagon: they destroyed my playstyle eh
 12833 | D:16     | Daniel: go for rune or die trying
 12833 | D:16     | timbw: they want lair branches to be exciting
 12833 | D:16     | timbw: it is so fucking stupid
 12833 | D:16     | timbw: i hate runelock
 12833 | D:16     | timbw: you could try abyss
 12833 | D:16     | 4tharraofdagon: im naga
 12833 | D:16     | timbw: i didnt say it wasnt sucidal
 12833 | D:16     | 4tharraofdagon: everything can outrun me
 12833 | D:16     | timbw: new abyss
 12833 | D:16     | 4tharraofdagon: and i have only fire/cold spells
 12833 | D:16     | timbw: has less demons
 12833 | D:16     | timbw: mostly vaults creatures
 12833 | D:16     | timbw: and the abyss monsters
 12833 | D:16     | timbw: very few undeads and demons
 12833 | D:16     | 4tharraofdagon: i should really try lair
 12833 | D:16     | timbw: do u have
 12833 | D:16     | 4tharraofdagon: fballing trj
 12833 | D:16     | timbw: speed or immolation?
 12833 | D:16     | 4tharraofdagon: lets try this
 12833 | D:16     | timbw: yes
 12833 | D:16     | timbw: damn
 12833 | D:16     | timbw: maybe one on u?
 12833 | D:16     | 4tharraofdagon: inner flame
 12833 | D:16     | timbw: its just single target
 12833 | D:16     | timbw: its shit
 12833 | D:16     | 4tharraofdagon: are you serious
 12833 | D:16     | 4tharraofdagon: wtf
 12833 | D:16     | 4tharraofdagon: this spell is so obselete
 12833 | D:16     | timbw: ye
 12833 | D:16     | timbw: its not even smite targeting
 12833 | D:16     | 4tharraofdagon: and can be resisted?
 12833 | D:16     | timbw: yes
 12833 | D:16     | timbw: it checks hd
 12833 | D:16     | 4tharraofdagon: fu
 12833 | D:16     | timbw: i think
 12833 | D:16     | Upgraded the game from 0.14-a0-932-g154aeca to 0.14-a0-942-gbd853f2
 13032 | D:16     | Learned a level 2 spell: Swiftness
 13034 | D:16     | Learned a level 1 spell: Apportation
 13109 | D:15     | hurdos: good evening
 13127 | D:15     | 4tharraofdagon: hello
 13272 | D:13     | Offered knowledge of Conjure Ball Lightning by Vehumet.
 13273 | D:13     | #11
 13366 | D:13     | hurdos: Why do you count Vehu gifts?
 13366 | D:13     | 4tharraofdagon: to approximate the moment for getting fstorm
 13439 | D:13     | hurdos: hm ..
 13486 | D:12     | 4tharraofdagon: he gives it on 13th gift
 13494 | D:11     | Noticed Nergalle
 13496 | D:11     | Killed Nergalle
 13522 | D:11     | hurdos: he could not give you FS :)
 13526 | D:11     | Noticed Joseph
 13531 | D:11     | Killed Joseph
 13557 | D:11     | 4tharraofdagon: theres less than 1% of chance
 13596 | D:10     | hurdos: Yermak got this chance :)
 13599 | D:11     | 4tharraofdagon: i bet
 13599 | D:11     | 4tharraofdagon: he had his skills spreaded
 13599 | D:11     | 4tharraofdagon: bot conjurations/fire only
 13758 | Swamp:1  | Entered Level 1 of the Swamp
 13777 | Swamp:1  | hurdos: will see
 13836 | Swamp:2  | hurdos: I need to kill curse toe
 13850 | Swamp:2  | 4tharraofdagon: i dont even remember
 13850 | Swamp:2  | 4tharraofdagon: when i killed one
 13850 | Swamp:2  | 4tharraofdagon: they can fuck you life so badly
 13858 | Swamp:2  | hurdos: yep
 13890 | Swamp:2  | Noticed Agnes
 13893 | Swamp:2  | hurdos: I'm necromancer without dispel undead, wutlol
 13896 | Swamp:2  | Killed Agnes
 13944 | Swamp:2  | Lost mutation: Your tail ends in a poisonous barb. [potion of cure mutation]
 13944 | Swamp:2  | Lost mutation: Your mind is acute. (Int +2) [potion of cure mutation]
 13944 | Swamp:2  | Lost mutation: Your spells are a little harder to cast, but a little more powerful. [potion of cure mutation]
 13944 | Swamp:2  | Lost mutation: You have a slow metabolism. [potion of cure mutation]
 13944 | Swamp:2  | Lost mutation: You occasionally shout uncontrollably. [potion of cure mutation]
 14094 | Swamp:3  | hurdos: it is strange that naga can not swim
 14187 | Swamp:5  | Entered Level 5 of the Swamp
 14522 | Swamp:5  | Reached XP level 17. HP: 101/121 MP: 36/36
 14528 | Swamp:5  | Offered knowledge of Bolt of Fire by Vehumet.
 14529 | Swamp:5  | #12
 14535 | Swamp:5  | Reached skill level 18 in Conjurations
 14546 | Swamp:5  | Noticed Norris
 14657 | Swamp:5  | timbw: did u do slime?
 14663 | Swamp:5  | Paralysed by Norris for 3 turns
 14667 | Swamp:5  | Killed Norris
 14667 | Swamp:5  | Reached skill level 1 in Translocations
 14672 | Swamp:5  | 4tharraofdagon: i did nothing
 14672 | Swamp:5  | 4tharraofdagon: no fstorm yet
 14672 | Swamp:5  | timbw: :(
 14672 | Swamp:5  | 4tharraofdagon: im about to get it tho
 14672 | Swamp:5  | 4tharraofdagon: last gift left
 14672 | Swamp:5  | 4tharraofdagon: and spider soon
 14774 | Swamp:5  | Noticed the 27-headed Lernaean hydra
 14778 | Swamp:5  | Killed the 27-headed Lernaean hydra
 14949 | Swamp:5  | Got a decaying rune of Zot
 14956 | Swamp:5  | Noticed Saint Roka
 14961 | Swamp:5  | timbw: forest fire?
 15015 | Swamp:3  | 4tharraofdagon: bolt worth meming?
 15079 | Swamp:1  | timbw: idk
 15092 | Swamp:1  | timbw: for spider u really only need ignite pois
 15092 | Swamp:1  | timbw: ^^
 15133 | Spider:1 | Entered Level 1 of the Spider Nest
 15164 | Spider:1 | Slain by a demonic crawler

Action                   |  1- 3 |  4- 6 |  7- 9 | 10-12 | 13-15 | 16-18 || total
-------------------------+-------+-------+-------+-------+-------+-------++-------
Melee: Unarmed           |     8 |       |       |       |       |       ||     8
       Long sword        |     1 |     1 |       |       |       |       ||     2
       Hand axe          |       |     8 |       |       |       |       ||     8
       Dagger            |       |     4 |    18 |    18 |       |       ||    40
       Staff             |       |       |       |   137 |   182 |    75 ||   394
 Cast: Flame Tongue      |    24 |    58 |    66 |   114 |    28 |       ||   290
       Conjure Flame     |       |     4 |    13 |   105 |    31 |    20 ||   173
       Sticky Flame      |       |     2 |    12 |    81 |    64 |    34 ||   193
       Shock             |       |       |     9 |       |       |       ||     9
       Sublimation of Bl |       |       |       |    41 |    49 |    37 ||   127
       Fireball          |       |       |       |    28 |   275 |   230 ||   533
       Freezing Cloud    |       |       |       |     2 |    21 |    17 ||    40
       Summon Butterflie |       |       |       |       |    27 |    40 ||    67
       Delayed Fireball  |       |       |       |       |     8 |     7 ||    15
       Apportation       |       |       |       |       |       |    20 ||    20
 Abil: Spit Poison       |    20 |    25 |    24 |    62 |    12 |       ||   143
       Evoke Blink       |       |       |       |       |    16 |     6 ||    22
       Release Delayed F |       |       |       |       |     7 |     8 ||    15
       Evoke Teleportati |       |       |       |       |       |     3 ||     3
Evoke: Wand              |       |     1 |     2 |     7 |     7 |    10 ||    27
       staff of energy   |       |       |       |     8 |   197 |   123 ||   328
       lamp of fire      |       |       |       |       |       |     3 ||     3
  Use: Potion            |       |     3 |     1 |     3 |     7 |     7 ||    21
       Scroll            |       |     5 |     4 |    14 |    19 |    10 ||    52
 Stab: Sleeping          |     1 |     1 |       |       |     2 |     2 ||     6
